 Dungeon Crawl Stone Soup version 0.14-a0-1444-g21dc12d (webtiles) character file.

99 Jenx the Firebug (level 2, 0/22 HPs)
             Began as a Djinni Fire Elementalist on Dec 13, 2013.
             Was an Initiate of Vehumet.
             Succumbed to an adder's poison
             ... on Level 2 of the Dungeon.
             The game lasted 00:05:59 (1329 turns).

Jenx the Firebug (Djinni Fire Elementalist)         Turns: 1329, Time: 00:05:59

HP   0/22        AC  2     Str  8      XL: 2   Next: 93%
MP   0/0         EV  9     Int 15      God: Vehumet [......]
Gold 72          SH 12     Dex 13      Spells:  2 memorised,  2 levels left

rFire  + + +     SeeInvis .     c - +0 dagger
rCold  x . .     Clarity  .     d - +0 robe
rNeg   + + +     Conserve .     j - +0 elf shield
rPois  .         rCorr    .     (no helmet)
rElec  .         rRot     .     (no cloak)
SustAb . .       Spirit   .     (no gloves)
rMut   .         Warding  .     (boots unavailable)
Saprov . . .     Stasis   .     (no amulet)
                                (no ring)
                                n - ring of wizardry

@: flying, mildly poisoned, very slightly contaminated, not resistant to hostile
enchantments, fairly stealthy
A: fire immunity, cold vulnerability, life protection 3
a: Renounce Religion


You were on level 2 of the Dungeon.
You worshipped Vehumet.
Vehumet was noncommittal.
You were not hungry.

You visited 1 branch of the dungeon, and saw 2 of its levels.

You collected 72 gold pieces.

Inventory:

Hand weapons
 c - a +0,+0 dagger (weapon)
Missiles
 a - 30 darts (quivered)
 f - 20 stones
 l - 2 poisoned darts
Armour
 d - a +0 robe (worn)
 j - a +0 elven shield (worn)
Scrolls
 e - a scroll of identify
 m - a scroll of enchant armour {unknown}
 o - a scroll of blinking {unknown}
Jewellery
 n - a ring of wizardry (left hand)
Potions
 h - a potion of curing {unknown}
 i - 2 potions of agility {unknown}
 k - a potion of beneficial mutation {unknown}
 q - a potion of brilliance {unknown}
Books
 b - a book of Flames

   Spells                             Type                      Level
   *Flame Tongue                      Conjuration/Fire             1
   *Throw Flame                       Conjuration/Fire             2
   Conjure Flame                      Conjuration/Fire             3
   Inner Flame                        Hexes/Fire                   3
   Sticky Flame                       Conjuration/Fire             4
   Fireball                           Conjuration/Fire             5
 p - a Grand Grimoire {highlevel}

   This book is beyond your current level of understanding.

   Spells                             Type                      Level
   Demonic Horde                      Summoning                    6
   Mass Abjuration                    Summoning                    6
   Haunt                              Necromancy/Summoning         7
   Summon Greater Demon               Summoning                    7
   Malign Gateway                     Summoning/Translocation      7
   Summon Horrible Things             Summoning                    8


   Skills:
 - Level 1.7 Dodging
 - Level 1.5 Stealth
 * Level 0.0 Shields
 - Level 2.4 Spellcasting
 * Level 3.2 Conjurations
 - Level 4.0 Fire Magic


You had 2 spell levels left.
You knew the following spells:

 Your Spells              Type           Power        Failure   Level  Hunger
a - Flame Tongue          Conj/Fire      ##...        13%         1    #......
b - Throw Flame           Conj/Fire      ##....       24%         2    ##.....


Dungeon Overview and Level Annotations

Branches:
Dungeon (2/16)

Altars:
Vehumet


Innate Abilities, Weirdness & Mutations

You are immune to all types of fire, even holy and hellish.
You are vulnerable to cold.
You need no food.
You have no legs.
You are immune to negative energy.


Message History

Aim: an adder You miscast Flame Tongue.
You are very lightly contaminated with residual magic.
Nothing appears to happen.
You block the adder's attack. The adder bites you but does no damage.
Casting: Flame Tongue
Confirm with . or Enter, or press ? or * to list all spells.
Aiming: Flame Tongue
Press: ? - help, Shift-Dir - straight line, f/p - adder
Aim: an adder The flame hits the adder.
The adder is heavily wounded.
The adder misses you. The adder bites you.
* * * LOW HITPOINT WARNING * * *
You are poisoned.
The adder poisons you!
* * * LOW HITPOINT WARNING * * *
You feel sick. The adder barely misses you.
You die...

##### #...# #####
#####...########...####
#>..........@..........
#.##....######S.....##
###.##....# #......#
#...###...# ###...##
#...# ##+## #....#
#...# #....# #...#
#....# ###.# #....# #.#
#....#


You could see an adder.

Vanquished Creatures
  A giant gecko (D:1)
  An ooze (D:2)
  3 bats (D:1)
  3 goblins
  6 hobgoblins
  2 kobolds
  3 giant newts
  5 rats
24 creatures vanquished.

Notes
Turn   | Place    | Note
--------------------------------------------------------------
     0 | D:1      | Jenx, the Djinni Fire Elementalist, began the quest for the Orb.
     0 | D:1      | Reached XP level 1. HP: 14/14 MP: 0/0
   249 | D:1      | Reached XP level 2. EP: 4/22
   338 | D:1      | Learned a level 2 spell: Throw Flame
  1023 | D:2      | Found a radiant altar of Vehumet.
  1030 | D:2      | Became a worshipper of Vehumet
  1328 | D:2      | HP: 1/22 [poisoned by an adder]
  1329 | D:2      | Succumbed to an adder's poison

Action                   || total
-------------------------++-------
Melee: Dagger            ||    94
Throw: Dart              ||    31
       Stone             ||     1
 Cast: Flame Tongue      ||    13
  Use: Scroll            ||     3
 Stab: Sleeping          ||     1
